 Dungeon Crawl Stone Soup version 0.30-a0-1075-gcd70e7a56d (webtiles) character file.

Game seed: 5553774325636832167

400 senseless the Insei (level 6, 0/41 HPs)
             Began as an Octopode Transmuter on Apr 14, 2023.
             Slain by an orc
             ... wielding a +0 long sword
              (4 damage)
             ... on level 5 of the Dungeon.
             The game lasted 00:11:53 (3782 turns).

senseless the Insei (Octopode Transmuter)           Turns: 3782, Time: 00:11:54

Health: 0/41       AC:  1    Str: 11    XL:     6   Next: 84%
Magic:  10/10      EV: 14    Int: 15    God:
Gold:   184        SH:  0    Dex: 19    Spells: 4/11 levels left

rFire   . . .      SeeInvis .      - Unarmed
rCold   . . .      Faith    +    (no shield)
rNeg    . . .      Spirit   .    (helmet currently unavailable)
rPois   +          Reflect  .    l - amulet of faith
rElec   .          Rampage  .    k - +6 ring of dexterity
rCorr   .                        n - ring of poison resistance
Will    .....                    p - ring of wizardry
Stlth   +++                      (no ring)
HPRegen 0.26/turn                (no ring)
MPRegen 0.12/turn                (no ring)
                                 (no ring)
                                 (no ring)

@: about to teleport, appendages (expiring)
A: tentacle spike 3, almost no armour, amphibious, 8 rings, camouflage 1,
gelatinous body 1, (nimble swimmer 1), tentacles
a: End Transformation


You were on level 5 of the Dungeon.
One of your tentacles had grown a beastly spike.
You visited 1 branch of the dungeon, and saw 5 of its levels.

You collected 310 gold pieces.
You spent 126 gold pieces at shops.

Inventory:

Hand Weapons
 b - a +3 vampiric short sword
Missiles
 s - 3 silver javelins
 w - 2 throwing nets
Jewellery
 k - a +6 ring of dexterity (left tentacle)
 l - an amulet of faith (around mantle)
 n - a ring of poison resistance (right tentacle)
 p - a ring of wizardry (on tentacle)
Scrolls
 c - a scroll of enchant weapon
 d - 2 scrolls of poison
 f - a scroll of teleportation
 g - 2 scrolls of enchant armour
Potions
 a - 2 potions of lignification
 e - a potion of cancellation {unknown}
 h - 2 potions of mutation
 i - 7 potions of curing
 j - a potion of magic
 m - a potion of berserk rage {unknown}
 o - 2 potions of attraction
 q - a potion of flight
 t - 2 potions of brilliance
 u - 2 potions of might


   Skills:
 + Level 2.7 Fighting
 + Level 3.4 Dodging
 + Level 4.1 Unarmed Combat
 + Level 3.2 Spellcasting
 + Level 3.3 Transmutations
 + Level 2.0 Ice Magic


You had 4 spell levels left.
You knew the following spells:

 Your Spells              Type           Power      Damage    Failure   Level
a - Beastly Appendage     Tmut           24%        N/A       1%          1
b - Wereblood             Tmut           12%        N/A       3%          2
c - Ice Form              Ice/Tmut       10%        N/A       26%         4

Your spell library contained the following spells:

 Spells                   Type           Power      Damage    Failure   Level
 Scorch                   Fire           4%         2d5       12%         2
 Spider Form              Tmut/Pois      7%         N/A       12%         3
 Flame Wave               Conj/Fire      2%         2d4       58%         4
 Summon Cactus Giant      Summ           1%         N/A       100%        6


Dungeon Overview and Level Annotations

Branches:
Dungeon (5/15)
 Temple: D:4-7

Altars:
Dithmenos
Nemelex Xobeh
Sif Muna
Vehumet
Xom

Shops:
D:3 !

Annotations:
D:5 Menkaure


Innate Abilities, Weirdness & Mutations

One of your tentacles has grown a beastly spike.
You cannot wear most types of armour.
You are amphibious.
You can wear up to eight rings at the same time.
Your skin changes colour to match your surroundings (Stealth+).
Your rubbery body absorbs attacks. (AC +1, EV +1)
((You are camouflaged when in or above water. (Stealth+)))
You have tentacles for arms and can constrict up to eight enemies at once.


Message History

The orc hits you with a +0 long sword.
You barely miss the adder. Your grab misses the adder.
You pierce the adder.
The adder is severely wounded.
A hound comes into view.
The adder barely misses you. The orc completely misses you.
The hound barks!
You tentacle-slap the adder. You grab the adder.
You pierce the adder.
You kill the adder!
You hear a shout!
The orc closely misses you.
Your Ice Magic skill increases to level 2!
You tentacle-slap Menkaure. Your grab misses Menkaure.
Your tentacle spike misses Menkaure.
Menkaure is lightly damaged.
Menkaure closely misses you.
A quokka comes into view.
You closely miss Menkaure. You grab Menkaure.
You pierce Menkaure, but do no damage.
Menkaure is lightly damaged.
You constrict Menkaure. The orc misses you.
Menkaure calls on the powers of darkness!
The orc convulses!
The hound convulses!
Your body is wracked with pain!
The quokka convulses!
As you read the scroll of teleportation, it crumbles to dust.
You feel strangely unstable.
You constrict Menkaure, but do no damage.
An adder comes into view.
Menkaure hits you. The orc hits you with a +0 long sword.
* * * LOW HITPOINT WARNING * * *
You release your grip on Menkaure.
Menkaure attacks as you move away! Menkaure closely misses you.
An orc comes into view. It is wielding a +0 club.
Your transformation is almost over.
The orc barely misses you. Menkaure casts a spell at you.
You barely resist. The quokka bites you.
* * * LOW HITPOINT WARNING * * *
The orc attacks as you move away! The orc hits you with a +0 long sword.
You die...

##. #. #.. . #S #.# ..
#.##.## #.#..... ...#.#
#o#.############## .##
#.Mo@...##.......#
....##.hr###.##.#####.#
#......###.##.#####.#
....##).##............#
..............#.#####.####
#######.......#.#####...[.
#.##$##.#.......##.#
#.......##########.#
#.###.#.# #.#


You could see Menkaure (fast), a hound, 2 orcs and a quokka.

Vanquished Creatures
  2 orc priests
  A sleepcap (D:5)
  Terence (D:2)
  3 orc wizards
  A statue (D:3)
  Robin (D:2)
  7 adders
  A worm (D:4)
  3 dart slugs (D:3)
  10 orcs
  8 endoplasms
  2 giant cockroaches
  11 goblins
  15 hobgoblins
  2 quokkas
  19 ball pythons
  4 bats
  14 frilled lizards
  2 kobolds
  A rat (D:3)
108 creatures vanquished.

Vanquished Creatures (others)
  6 plants (D:3)
6 creatures vanquished.

Grand Total: 114 creatures vanquished

Notes
Turn   | Place    | Note
-------+----------+-------------------------------------------
     0 | D:1      | senseless the Octopode Transmuter began the quest for the
                  | Orb.
     0 | D:1      | Reached XP level 1. HP: 13/13 MP: 3/3
   126 | D:1      | Reached XP level 2. HP: 18/18 MP: 1/5
   175 | D:1      | Learned a level 2 spell: Wereblood
   299 | D:1      | Found a faded altar of an unknown god.
   674 | D:1      | Reached XP level 3. HP: 14/23 MP: 4/6
  1063 | D:2      | Reached XP level 4. HP: 12/29 MP: 5/7
  1068 | D:2      | Learned a level 4 spell: Ice Form
  1333 | D:2      | Noticed Robin
  1460 | D:2      | Killed Robin
  1663 | D:2      | Noticed Terence
  1671 | D:2      | Killed Terence
  1672 | D:2      | Reached XP level 5. HP: 23/34 MP: 6/9
  1923 | D:3      | Found Ludosm's Distillery.
  1933 | D:3      | Bought a potion of curing for 42 gold pieces
  1933 | D:3      | Bought a potion of attraction for 42 gold pieces
  1933 | D:3      | Bought a potion of flight for 42 gold pieces
  1962 | D:3      | Found a shadowy altar of Dithmenos.
  2087 | D:3      | Reached skill level 1 in Ice Magic
  2102 | D:3      | Found a radiant altar of Vehumet.
  2102 | D:3      | Noticed a frost-covered statue
  2537 | D:3      | Reached XP level 6. HP: 37/41 MP: 8/10
  2731 | D:4      | Reached skill level 4 in Unarmed Combat
  2810 | D:4      | Found a sparkling altar of Nemelex Xobeh.
  2967 | D:4      | Found a shimmering altar of Xom.
  3121 | D:4      | Found a shimmering blue altar of Sif Muna.
  3500 | D:5      | Entered Level 5 of the Dungeon
  3769 | D:5      | Noticed Menkaure
  3782 | D:5      | Slain by an orc

Illustrated notes

Levels and vault maps discovered:
D:1:      dpeg_arrival_rooms_b, layout_basic, basic_ecumenical_altar,
          minivault_27, minmay_tiny_reverse_x
D:2:      layout_rooms, minmay_misc_feat_chi, minmay_snake_closets, uniq_robin,
          uniq_terence
D:3:      layout_rooms, mainiacjoe_overflow_brackets, vehumet_statue,
          serial_shops, shop, minmay_lizard_king
D:4:      layout_loops_ring, mainiacjoe_overflow_tiny_flanked,
          nemelex_diamond_rough_becter, lemuel_tele_altar,
          kennysheep_generic_room_13
D:5:      layout_loops_cross, uniq_menkaure

Skill      XL: |  1  2  3  4  5  6 |
---------------+-------------------+-----
Fighting       | 2 |  2.7
Ice Magic      | 1 2 |  2.0
Transmutations | 3 |  3.3
Dodging        | 3 |  3.4
Spellcasting   | 3 |  3.2
Unarmed Combat | 4 |  4.1

Action                     |  1- 3 |  4- 6 || total
---------------------------+-------+-------++-------
  Melee: Unarmed           |    65 |   139 ||   204
         Kick              |    25 |    54 ||    79
         Constrict         |    16 |    50 ||    66
         Tentacles         |     8 |    27 ||    35
         Punch             |     1 |     4 ||     5
  Throw: Javelin           |       |     3 ||     3
   Cast: Beastly Appendage |    26 |    42 ||    68
         Wereblood         |       |     2 ||     2
    Use: Scroll            |       |    12 ||    12
   Stab: Sleeping          |    10 |    12 ||    22
 Armour: Skin              |     2 |     8 ||    10
  Dodge: Dodged            |    34 |    90 ||   124

Table legend: (Time is in decaauts)
 A = Elapsed time spent in this place.
 B = Non-inter-level travel time spent in this place.
 C = Inter-level travel time spent in this place.
 D = Time resting spent in this place.
 E = Time spent auto-exploring this place.
 F = Levels seen in this place.
 G = Mean time per level.
                   A        B        C        D        E       F      G
               +--------+--------+--------+--------+--------+-----+--------+
         Total |   3769 |   3595 |    174 |    274 |   2566 |   5 |  753.8 |
       Dungeon |   3769 |   3595 |    174 |    274 |   2566 |   5 |  753.8 |
               +--------+--------+--------+--------+--------+-----+--------+

Top non-repeatable levels by time:
     D:2: 969 daAuts
     D:4: 946 daAuts
     D:1: 892 daAuts
     D:3: 789 daAuts
     D:5: 171 daAuts
